 Dungeon Crawl Stone Soup version 0.20.1-1-g8b1a95d (webtiles) character file.

244 Irenicus the Changer (level 5, -4/43 HPs)
             Began as a Deep Dwarf Transmuter on Oct 20, 2017.
             Slain by an ogre
             ... wielding a +0 giant club
              (25 damage)
             ... on level 4 of the Dungeon.
             The game lasted 00:08:40 (2391 turns).

Irenicus the Changer (Deep Dwarf Transmuter)        Turns: 2391, Time: 00:08:41

Health: -4/43      AC:  2    Str: 13    XL:     5   Next: 83%
Magic:  2/7        EV: 20    Int: 14    God:
Gold:   140        SH:  0    Dex: 19    Spells: 2/8 levels left

rFire    . . .     SeeInvis .     - Unarmed
rCold    . . .     Gourm    .   (shield currently unavailable)
rNeg     . . .     Faith    .   (armour currently unavailable)
rPois    x         Spirit   .   (helmet currently unavailable)
rElec    .         Reflect  .   (cloak currently unavailable)
rCorr    .         Harm     .   (gloves currently unavailable)
MR       .....                  (boots currently unavailable)
Stlth    ++........             (no amulet)
Regen    0.0/turn               (no ring)
MPRegen  0.1/turn               (no ring)

@: spider-form, very slightly contaminated, non-regenerating, hasted, very quick
A: damage resistance, heal wounds, sense surroundings 1, no regeneration
a: Heal Wounds, End Transformation


You were on level 4 of the Dungeon.
You were near starving.
You were a venomous arachnid creature.
You visited 1 branch of the dungeon, and saw 4 of its levels.

You collected 140 gold pieces.

Inventory:

Missiles
 a - 35 arrows
Armour
 b - a +0 robe (melded)
Wands
 h - a wand of random effects (11/48)
Scrolls
 e - 4 scrolls of teleportation {unknown}
 g - a scroll of random uselessness {unknown}
 i - a scroll of blinking {unknown}
 k - a scroll of fear {unknown}
 l - a scroll of immolation {unknown}
 m - 3 scrolls of identify {unknown}
Books
 c - a book of Changes

   Spells                             Type                      Level
   a - Beastly Appendage              Transmutation                1
   b - Sticks to Snakes               Transmutation                2
   c - Spider Form                    Transmutation/Poison         3
   d - Ice Form                       Ice/Transmutation            4
   e - Blade Hands                    Transmutation                5
Comestibles
 d - a bread ration
 f - 2 royal jellies
 j - a meat ration


   Skills:
 - Level 0.8 Fighting
 - Level 2.1 Dodging
 - Level 3.0 Unarmed Combat
 - Level 2.0 Spellcasting
 - Level 5.1 Transmutations
 + Level 1.2 Poison Magic


You had 2 spell levels left.
You knew the following spells:

 Your Spells              Type           Power        Failure   Level  Hunger
a - Spider Form           Tmut/Pois      ##........   38%         3    ####...
b - Sticks to Snakes      Tmut           ###.....     13%         2    ###....
c - Beastly Appendage     Tmut           ###...       11%         1    ##.....


Dungeon Overview and Level Annotations

Branches:
Dungeon (4/15)
 Temple: D:4-7

Altars:
Gozag

Annotations:
D:3 Purgy; plantmann's ghost, amateur HOCK


Innate Abilities, Weirdness & Mutations

You are resistant to damage.
You can heal yourself by infusing magical energy.
You passively map a small area around you.
You do not regenerate.


Message History

It was a potion of haste.
You feel yourself speed up.
Casting: Spider Form
Confirm with . or Enter, or press ? or * to list all spells.
You miscast Spider Form.
You are very lightly contaminated with residual magic.
Nothing appears to happen.
Found a stone staircase leading down.
You see here 21 bolts.
Casting: Spider Form
Confirm with . or Enter, or press ? or * to list all spells.
You turn into a venomous arachnid creature.
Your +0 robe melds into your body.
The ogre shouts!
You hit the ogre.
The ogre is poisoned.
The ogre is lightly wounded.
You hit the ogre but do no damage.
The ogre looks as sick as possible!
The ogre is moderately wounded.
The ogre hits you with a giant club!!
Ouch! That really hurt!
You die...

..........# * ,
,.........#
........## *
#........ #......#,
#......# #......#
.... * #..O...#,
...... ,
.....#s#####.#.......
* #### #.# >........,
.....#.######........
, ##........##.......
,, #................#
* #................#
#................#
..........$.......#
########...#...(...#


You could see an ogre.

Vanquished Creatures
  Sigmund (D:2)
  An iguana (D:4)
  An adder (D:2)
  A leopard gecko (D:2)
  An orc (D:4)
  3 giant cockroaches
  4 goblins
  7 hobgoblins
  A jackal (D:1)
  6 bats
  A frilled lizard (D:1)
  5 kobolds
  7 rats
39 creatures vanquished.

Vanquished Creatures (collateral kills)
  2 adders (D:2)
  2 bats (D:2)
  3 goblins
  3 kobolds
  A rat (D:1)
11 creatures vanquished.

Grand Total: 50 creatures vanquished

Notes
Turn   | Place    | Note
-------+----------+-------------------------------------------
     0 | D:1      | Irenicus the Deep Dwarf Transmuter began the quest for the Orb.
     0 | D:1      | Reached XP level 1. HP: 16/16 MP: 3/3
   252 | D:1      | Reached skill level 2 in Transmutations
   415 | D:1      | Reached XP level 2. HP: 19/24 MP: 2/4
   420 | D:1      | Learned a level 2 spell: Sticks to Snakes
  1418 | D:2      | Reached XP level 3. HP: 18/30 MP: 3/5
  1497 | D:2      | Reached skill level 3 in Transmutations
  1502 | D:2      | Noticed Sigmund
  1567 | D:2      | Found an opulent altar of Gozag.
  1916 | D:2      | Learned a level 3 spell: Spider Form
  2098 | D:2      | Killed Sigmund
  2098 | D:2      | Reached skill level 5 in Transmutations
  2098 | D:2      | Reached XP level 4. HP: 13/37 MP: 1/7
  2098 | D:2      | Reached XP level 5. HP: 15/43 MP: 1/8
  2135 | D:3      | Noticed Purgy
  2166 | D:3      | Noticed plantmann's ghost (amateur HOCK)
  2335 | D:4      | Reached skill level 1 in Poison Magic
  2366 | D:4      | Noticed an ogre
  2391 | D:4      | Slain by an ogre

Skill      XL: |  1  2  3  4  5 |
---------------+----------------+-----
Unarmed Combat | 3 |  3.0
Transmutations | 2 5 |  5.1
Spellcasting   | 2 |  2.0
Poison Magic   | 1 |  1.2
Fighting       | |  0.8
Dodging        | |  2.1

Action                   |  1- 3 |  4- 6 || total
-------------------------+-------+-------++-------
Melee: Unarmed           |   116 |    11 ||   127
       Headbutt          |     4 |       ||     4
       Kick              |     3 |       ||     3
       Punch             |     2 |       ||     2
 Cast: Beastly Appendage |    17 |       ||    17
       Sticks to Snakes  |    18 |     3 ||    21
       Spider Form       |     2 |     4 ||     6
 Abil: Heal Wounds       |       |     1 ||     1
  Use: Potion            |     2 |     1 ||     3
 Stab: Sleeping          |     2 |       ||     2
       Distracted        |     1 |       ||     1
  Eat: Chunk             |     5 |     1 ||     6
Armor: Robe              |    15 |       ||    15
Dodge: Dodged            |    64 |     6 ||    70
